3AAA
AUGUSTA TIMBER HAWKS @ SUNSET DISTRICT FOG
09/16/2034
 
TOP OF THE 1ST
Augusta Timber Hawks batting - Pitching for Sunset District Fog : RHP Luis Flores
Pitching: RHP Luis Flores
Batting: SHB Yun-qi Chien 0-0: Ball
1-0: Ball
2-0: Called Strike
2-1: Ground out 1-3 (Groundball, 13)
Batting: RHB Krystof Melichar 0-0: Called Strike
0-1: Ball
1-1: Ball
2-1: Ball
3-1: SINGLE (Groundball, 6D)
Batting: RHB Norm Chodorow 0-0: Ball
1-0: Ball
2-0: Called Strike
2-1: Swinging Strike
2-2: Ball
Wild Pitch!
Krystof Melichar to second
3-2: Foul Ball, location: 2F
3-2: Strikes out swinging
Batting: LHB Mike Goff 0-0: Ball
1-0: Ground out 4-3 (Groundball, 4)
Top of the 1st over - 0 runs, 1 hit, 0 errors, 1 left on base; Augusta 0 - Sunset District 0
BOTTOM OF THE 1ST
Sunset District Fog batting - Pitching for Augusta Timber Hawks : RHP Emil Olsson
Pitching: RHP Emil Olsson
Batting: RHB Tom Woolever 0-0: Ball
1-0: Fly out, F7 (Flyball, 7LSF)
Batting: LHB Tim O'Neal 0-0: Ball
1-0: Called Strike
1-1: Ball
2-1: Ground out 4-3 (Groundball, 4)
Batting: LHB Ieyoshi Samurakami 0-0: Ball
1-0: Swinging Strike
1-1: Ball
2-1: SINGLE (Line Drive, 4MD)
Batting: LHB Ed Berry 0-0: Fly out, F8 (Flyball, 8RM)
Bottom of the 1st over - 0 runs, 1 hit, 0 errors, 1 left on base; Augusta 0 - Sunset District 0
TOP OF THE 2ND
Augusta Timber Hawks batting - Pitching for Sunset District Fog : RHP Luis Flores
Batting: RHB Jesús Recesvinto 0-0: Called Strike
0-1: Ball
1-1: Ball
2-1: SINGLE (Groundball, 56D)
Batting: RHB Uchino Akahito 0-0: Fly out, F9 (Flyball, 89M)
Batting: LHB Fa-tang Wang 0-0: Ball
1-0: Foul Ball, location: 2F
1-1: Ball
2-1: Foul Ball, location: 2F
2-2: Foul Ball, location: 2F
2-2: Foul Ball, location: 2F
2-2: Ball
3-2: SINGLE (Groundball, 3D)
Jesús Recesvinto to second
Runner from 2nd tries for 3rd, SAFE, no throw
Batting: RHB Dave Yates 0-0: Ball
1-0: Ball
2-0: Called Strike
2-1: Foul Ball, location: 2F
2-2: Ball
3-2: DOUBLE (Line Drive, 7LM)
Jesús Recesvinto scores
Fa-tang Wang to third
Fa-tang Wang scores
Batting: LHB Randy Sallah 0-0: Ball
Throwing error on steal attempt, E2
Dave Yates scores
1-0: Swinging Strike
1-1: Foul Ball, location: 2F
1-2: Foul Ball, location: 2F
1-2: Ground out U3 (Groundball, 34S)
Batting: SHB Yun-qi Chien 0-0: Ground out 6-3 (Groundball, 6)
Top of the 2nd over - 3 runs, 3 hits, 1 error, 0 left on base; Augusta 3 - Sunset District 0
BOTTOM OF THE 2ND
Sunset District Fog batting - Pitching for Augusta Timber Hawks : RHP Emil Olsson
Batting: RHB Silvian Burger 0-0: Ground out 6-3 (Groundball, 6S)
Batting: LHB Roderick Simpson 0-0: Called Strike
0-1: Foul Ball, location: 2F
0-2: Foul Ball, location: 2F
0-2: Ball
1-2: Ball
2-2: Strikes out looking
Batting: LHB Jesús De Jesús 0-0: Called Strike
0-1: Swinging Strike
0-2: Fly out, F8 (Flyball, 8RM)
Bottom of the 2nd over - 0 runs, 0 hits, 0 errors, 0 left on base; Augusta 3 - Sunset District 0
TOP OF THE 3RD
Augusta Timber Hawks batting - Pitching for Sunset District Fog : RHP Luis Flores
Batting: RHB Krystof Melichar 0-0: Called Strike
0-1: Ball
1-1: Called Strike
1-2: SINGLE (Line Drive, 8LS)
Batting: RHB Norm Chodorow 0-0: Ball
Krystof Melichar is caught stealing 2nd base
1-0: Ball
2-0: Ground out 6-3 (Groundball, 6S)
Batting: LHB Mike Goff 0-0: Ball
1-0: Foul Ball, location: 2F
1-1: Foul Ball, location: 2F
1-2: Ground out U3 (Groundball, 3)
Top of the 3rd over - 0 runs, 1 hit, 0 errors, 0 left on base; Augusta 3 - Sunset District 0
BOTTOM OF THE 3RD
Sunset District Fog batting - Pitching for Augusta Timber Hawks : RHP Emil Olsson
Batting: RHB Keohi Iese 0-0: Ball
1-0: Swinging Strike
1-1: Ground out 5-3 (Groundball, 56)
Batting: LHB Jesús Trevino 0-0: Ball
1-0: Called Strike
1-1: Ground out 4-3 (Groundball, 4)
Batting: RHB Tom Woolever 0-0: Ball
1-0: Ground out 6-3 (Groundball, 6)
Bottom of the 3rd over - 0 runs, 0 hits, 0 errors, 0 left on base; Augusta 3 - Sunset District 0
TOP OF THE 4TH
Augusta Timber Hawks batting - Pitching for Sunset District Fog : RHP Luis Flores
Batting: RHB Jesús Recesvinto 0-0: Ball
1-0: Called Strike
1-1: Fly out, F3 (Popup, 3S)
Batting: RHB Uchino Akahito 0-0: Ball
1-0: Ball
2-0: Foul Ball, location: 2F
2-1: Fly out, F3 (Line Drive, 34)
Batting: LHB Fa-tang Wang 0-0: Ball
1-0: Ball
2-0: SINGLE (Groundball, 6D)
Batting: RHB Dave Yates 0-0: Fly out, F9 (Flyball, 9S)
Top of the 4th over - 0 runs, 1 hit, 0 errors, 1 left on base; Augusta 3 - Sunset District 0
BOTTOM OF THE 4TH
Sunset District Fog batting - Pitching for Augusta Timber Hawks : RHP Emil Olsson
Batting: LHB Tim O'Neal 0-0: Ball
1-0: SOLO HOME RUN (Flyball, 9LD), Distance : 361 ft
Batting: LHB Ieyoshi Samurakami 0-0: Ball
1-0: Ball
2-0: Ball
3-0: Called Strike
3-1: Called Strike
3-2: Base on Balls
Batting: LHB Ed Berry 0-0: Ball
1-0: Foul Ball, location: 2F
1-1: Fly out, F9 (Flyball, 9LSF)
Now in RF: José Pérez
Batting: RHB Silvian Burger 0-0: Ball
1-0: Called Strike
1-1: Called Strike
1-2: Ball
2-2: Foul Ball, location: 2F
2-2: Fly out, F9 (Flyball, 89D)
Batting: LHB Roderick Simpson 0-0: Called Strike
0-1: Fly out, F6 (Flyball, 4MD)
Bottom of the 4th over - 1 run, 1 hit, 0 errors, 1 left on base; Augusta 3 - Sunset District 1
TOP OF THE 5TH
Augusta Timber Hawks batting - Pitching for Sunset District Fog : RHP Luis Flores
Batting: LHB Randy Sallah 0-0: Ball
1-0: Foul Ball, location: 2F
1-1: Foul Ball, location: 2F
1-2: Ball
2-2: Strikes out looking
Batting: SHB Yun-qi Chien 0-0: Called Strike
0-1: Called Strike
0-2: Ball
1-2: Ball
2-2: Strikes out swinging
Batting: RHB Krystof Melichar 0-0: Ball
1-0: Called Strike
1-1: Swinging Strike
1-2: Ball
2-2: Strikes out looking
Top of the 5th over - 0 runs, 0 hits, 0 errors, 0 left on base; Augusta 3 - Sunset District 1
BOTTOM OF THE 5TH
Sunset District Fog batting - Pitching for Augusta Timber Hawks : RHP Emil Olsson
Batting: LHB Jesús De Jesús 0-0: Ball
1-0: Called Strike
1-1: Called Strike
1-2: Strikes out swinging
Batting: RHB Keohi Iese 0-0: Foul Ball, location: 2F
0-1: Ball
1-1: Ball
2-1: Fly out, F9 (Line Drive, 9)
Batting: LHB Jesús Trevino 0-0: Fly out, F3 (Line Drive, 34)
Bottom of the 5th over - 0 runs, 0 hits, 0 errors, 0 left on base; Augusta 3 - Sunset District 1
TOP OF THE 6TH
Augusta Timber Hawks batting - Pitching for Sunset District Fog : RHP Luis Flores
Batting: RHB Norm Chodorow 0-0: Foul Ball, location: 2F
0-1: Foul Ball, location: 2F
0-2: Ball
1-2: SINGLE (Flyball, 9LS)
Batting: LHB Mike Goff 0-0: Ball
1-0: Fielders Choice at 2nd, 3-6 (Groundball, 3)
Batting: LHB José Pérez 0-0: Ball
1-0: Called Strike
1-1: Swinging Strike
1-2: Fly out, F7 (Flyball, 7LS)
Batting: RHB Uchino Akahito 0-0: Ball
1-0: Foul Ball, location: 2F
1-1: Swinging Strike
1-2: Foul Ball, location: 2F
1-2: Strikes out looking
Top of the 6th over - 0 runs, 1 hit, 0 errors, 1 left on base; Augusta 3 - Sunset District 1
BOTTOM OF THE 6TH
Sunset District Fog batting - Pitching for Augusta Timber Hawks : RHP Emil Olsson
Batting: RHB Tom Woolever 0-0: Ground out 5-3 (Groundball, 56S)
Batting: LHB Tim O'Neal 0-0: Called Strike
0-1: Ball
1-1: Fly out, F8 (Flyball, 8LS)
Batting: LHB Ieyoshi Samurakami 0-0: Called Strike
0-1: SINGLE (Groundball, 34D)
Batting: LHB Ed Berry 0-0: Ball
1-0: Fly out, F4 (Popup, 34)
Bottom of the 6th over - 0 runs, 1 hit, 0 errors, 1 left on base; Augusta 3 - Sunset District 1
TOP OF THE 7TH
Augusta Timber Hawks batting - Pitching for Sunset District Fog : RHP Luis Flores
Pitching: RHP Akinori Yamauchi
Batting: LHB Fa-tang Wang 0-0: Called Strike
0-1: Ball
1-1: Foul Ball, location: 2F
1-2: Ball
2-2: Foul Ball, location: 2F
2-2: Foul Ball, location: 2F
2-2: SINGLE (Groundball, 5D)
Batting: RHB Dave Yates 0-0: Called Strike
0-1: Ball
1-1: Ball
2-1: Reached on error, E1 (Groundball, 15)
Fa-tang Wang to second
Batting: LHB Randy Sallah 0-0: Swinging Strike
0-1: Foul Ball, location: 2F
0-2: Grounds into double play, 4-6-3 (Groundball, 4)
Fa-tang Wang to third
Batting: SHB Yun-qi Chien 0-0: Swinging Strike
0-1: Ball
1-1: Foul Ball, location: 2F
1-2: Ground out 6-3 (Groundball, 6)
Top of the 7th over - 0 runs, 1 hit, 1 error, 1 left on base; Augusta 3 - Sunset District 1
BOTTOM OF THE 7TH
Sunset District Fog batting - Pitching for Augusta Timber Hawks : RHP Emil Olsson
Batting: RHB Silvian Burger 0-0: Ball
1-0: Foul Ball, location: 2F
1-1: Foul Ball, location: 2F
1-2: Strikes out swinging
Batting: LHB Roderick Simpson 0-0: Ball
1-0: Ball
2-0: Called Strike
2-1: Swinging Strike
2-2: Ball
3-2: Foul Ball, location: 2F
3-2: Ground out U3 (Groundball, 3L)
Batting: LHB Jesús De Jesús 0-0: Ball
1-0: Ball
2-0: Foul Ball, location: 2F
2-1: Ground out 6-3 (Groundball, 6)
Bottom of the 7th over - 0 runs, 0 hits, 0 errors, 0 left on base; Augusta 3 - Sunset District 1
TOP OF THE 8TH
Augusta Timber Hawks batting - Pitching for Sunset District Fog : RHP Akinori Yamauchi
Batting: RHB Krystof Melichar 0-0: Ground out 5-3 (Groundball, 56)
Batting: RHB Norm Chodorow 0-0: Ball
1-0: Ball
2-0: DOUBLE (Flyball, 8LXD)
Batting: LHB Mike Goff 0-0: Intentional Walk
Batting: LHB José Pérez 0-0: Called Strike
0-1: Swinging Strike
0-2: Strikes out swinging
Batting: RHB Uchino Akahito 0-0: Ball
1-0: Foul Ball, location: 2F
1-1: Swinging Strike
1-2: SINGLE (Groundball, 34S) (infield hit)
Norm Chodorow to third
Mike Goff to second
Batting: LHB Fa-tang Wang 0-0: Ball
1-0: Ball
2-0: Swinging Strike
2-1: Ball
3-1: Foul Ball, location: 2F
3-2: Ground out 6-3 (Groundball, 6)
Top of the 8th over - 0 runs, 2 hits, 0 errors, 3 left on base; Augusta 3 - Sunset District 1
BOTTOM OF THE 8TH
Sunset District Fog batting - Pitching for Augusta Timber Hawks : RHP Emil Olsson
Now in RF: Damian Delaney
Batting: RHB Keohi Iese 0-0: Ground out 5-3 (Groundball, 56)
Batting: LHB Jesús Trevino 0-0: Foul Ball, location: 2F
0-1: Swinging Strike
0-2: Foul Ball, location: 2F
0-2: Strikes out swinging
Pitching: RHP Omara Moctar
Batting: RHB Tom Woolever 0-0: Fly out, F8 (Flyball, 8LM)
Bottom of the 8th over - 0 runs, 0 hits, 0 errors, 0 left on base; Augusta 3 - Sunset District 1
TOP OF THE 9TH
Augusta Timber Hawks batting - Pitching for Sunset District Fog : RHP Akinori Yamauchi
Batting: RHB Dave Yates 0-0: SINGLE (Groundball, 56D)
Batting: LHB Randy Sallah 0-0: Foul Ball, location: 2F
0-1: Ball
1-1: Ball
2-1: Ball
3-1: Base on Balls
Dave Yates to second
Pitching: RHP Larry Strozier
Batting: SHB Yun-qi Chien 0-0: Ball
1-0: Bunted foul
1-1: Bunt - Flyout - DP at third! 1-6
Batting: RHB Krystof Melichar 0-0: Called Strike
0-1: Ball
1-1: DOUBLE (Flyball, 8RD)
Randy Sallah to third
Batting: RHB Norm Chodorow 0-0: Called Strike
0-1: Foul Ball, location: 2F
0-2: Fly out, F5 (Line Drive, 5)
Top of the 9th over - 0 runs, 2 hits, 0 errors, 2 left on base; Augusta 3 - Sunset District 1
BOTTOM OF THE 9TH
Sunset District Fog batting - Pitching for Augusta Timber Hawks : RHP Omara Moctar
Pitching: RHP Tate Beason
Batting: LHB Tim O'Neal 0-0: Ball
1-0: Fly out, F8 (Flyball, 8LS)
Batting: LHB Ieyoshi Samurakami 0-0: Foul Ball, location: 2F
0-1: Swinging Strike
0-2: Ball
1-2: Ground out 4-3 (Groundball, 4D)
Batting: LHB Ed Berry 0-0: Called Strike
0-1: Swinging Strike
0-2: Foul Ball, location: 2F
0-2: Ball
1-2: Foul Ball, location: 2F
1-2: SINGLE (Groundball, 34D)
Batting: RHB Silvian Burger 0-0: Ball
1-0: Swinging Strike
1-1: Fly out, F8 (Flyball, 8LM)
Bottom of the 9th over - 0 runs, 1 hit, 0 errors, 1 left on base; Augusta 3 - Sunset District 1
Friday, March 29th, 2019 - OOTP Baseball 18.8 Build 76